 Dungeon Crawl Stone Soup version 0.28-a0-1143-gcf6077d4cc (webtiles) character file.

Game seed: 6412952941652307945

29 spaghetti the Sneak (level 3, 0/30 HPs)
             Began as a Djinni Delver on Dec 14, 2021.
             Slain by a hound (2 damage)
             ... on level 5 of the Dungeon.
             The game lasted 00:01:25 (191 turns).

spaghetti the Sneak (Djinni Delver)                  Turns: 191, Time: 00:01:26

Health: 0/30       AC:  3    Str: 13    XL:     3   Next: 32%
Gold:   0          EV: 12    Int: 11    God:
                   SH:  0    Dex: 14

rFire   + + .      SeeInvis .     - Unarmed
rCold   x . .      Faith    .   (no shield)
rNeg    . . .      Spirit   .   a - +0 leather armour
rPois   ∞          Reflect  .   (no helmet)
rElec   .          Harm     .   (no cloak)
rCorr   .          Rampage  .   (no gloves)
Will    .....                   (boots unavailable)
Stlth   ++........              (no amulet)
HPRegen 0.10/turn               (no ring)
MPRegen 0.00/turn               (no ring)

@: flying, hasted, very quick
A: sickness immunity, fire resistance 2, cold vulnerability 1, float, innate
caster, hp casting, extra vitality 1
a: no special abilities


You were on level 5 of the Dungeon.
You visited 1 branch of the dungeon, and saw 2 of its levels.


Innate Abilities, Weirdness & Mutations

You are immune to sickness and miasma.
You are immune to poison.
Your flesh is very heat resistant. (rF++)
You are vulnerable to cold. (rC-)
You float through the air rather than walking.
You learn spells naturally, not from books.
Your magical power is your life essence.
You have superior vitality. (+4 HP)


   Skills:
 - Level 3.0 Fighting
 + Level 2.2 Throwing
 - Level 2.1 Dodging
 - Level 4.1 Stealth
 - Level 2.0 Unarmed Combat


You had one spell level left.
You knew the following spells:

 Your Spells              Type           Power      Damage    Failure   Level
a - Freeze                Ice            0%         1d3       41%         1
Your spell library was empty.

Inventory:

Missiles
 c - 5 javelins {throwing}
 g - 23 stones (quivered) {throwing}
Armour
 a - a +0 leather armour (worn)
Wands
 f - a wand of digging (3)
Scrolls
 b - a scroll of fog

Dungeon Overview and Level Annotations

Branches:
Dungeon (6/15)
 Temple: D:4-7

Altars:

### #..###
.....######### ###
....#..>.....####.#
...###....##......## ..#
#....##..##...### ..
##..###..##.....##### .
##...##..#(@......(.#
...###>...#.....h.....##
#...................#
#...####.....####<.##
#............## ##.#
#........#....###..#
#...#...###.......##
#.####.. #....[...# ..
...## #..##.....#


You could see a hound.


Message History

😨 HP[+9]
You regained 9 hp, and now have 12/30 hp.
Unknown command.
Unknown command.
Unknown command.
Throw: javelin {throwing}
Press: ? - help, Q - select action, (/) - cycle Shift-Dir - straight line, f - hound
Aim: a hound (wandering, hasn't noticed you, 50% to hit)
You throw a javelin {throwing}.
The javelin {throwing} barely misses the hound.
The hound barks!
Okay, then.
Okay, then.
Okay, then.
You start resting.
The hound closely misses you.
A hound is nearby!
You hit the hound but do no damage. The hound bites you.
* * * LOW HITPOINT WARNING * * *
😨 HP[-1]
You take 1 damage, and now have 11/30 hp.
Unknown command.
Unknown command.
Unknown command.
Unknown command.
Casting: Freeze (safe; 41% risk of failure)
Confirm with . or Enter, or press ? or * to list all spells.
Okay, then.
Okay, then.
You barely miss the hound. The hound bites you but does no damage.
The hound closely misses you.
Unknown command.
Unknown command.
Unknown command.
You miss the hound. The hound barely misses you.
Unknown command.
Unknown command.
Unknown command.
Okay, then.
Throw: 24 stones {throwing}
Press: ? - help, Q - select action, (/) - cycle Shift-Dir - straight line, f/p - hound
Aim: a hound (50% to hit)
You throw a stone {throwing}.
The stone {throwing} closely misses the hound.
The hound closely misses you. x2
Unknown command.
A hound is nearby!
Unknown command.
Unknown command.
The hound bites you.
* * * LOW HITPOINT WARNING * * *
😨 HP[-2]
You take 2 damage, and now have 9/30 hp.
The hound stops to sniff the ground.
Okay, then.
Okay, then.
You feel yourself speed up. The hound closely misses you.
The hound barely misses you.
There is a stone staircase leading up here.
Okay, then.
You completely miss the hound. The hound bites you.
* * * LOW HITPOINT WARNING * * *
😱 HP[-5]
You take 5 damage, and now have 4/30 hp.
You hit the hound. The hound closely misses you.
You barely miss the hound. The hound barely misses you. 😱 HP[+1]
You miss the hound. The hound barely misses you.
Unknown command.
You hit the hound. The hound closely misses you.
What are your orders? t - Shout!
Orders for allies: a - Attack new target. p - Attack previous target. r - Retreat! s - Stop attacking. g - Guard the area. f - Follow me.
Anything else - Cancel.
Okay, then.
Unknown command.
Unknown command.
The hound bites you.
* * * LOW HITPOINT WARNING * * *
You see here 5 javelins {throwing}. 😱 HP[-3]
You take 3 damage, and now have 2/30 hp.
c - 5 javelins {throwing} Unknown command.
Unknown command.
Unknown command.
Casting: Freeze (safe; 41% risk of failure)
Confirm with . or Enter, or press ? or * to list all spells.
You don't know that spell.
Unknown command.
Casting: Freeze (safe; 41% risk of failure)
Confirm with . or Enter, or press ? or * to list all spells.
Aiming: Freeze (safe; 41% risk of failure)
Press: ? - help, Shift-Dir - straight line, f/p - hound
Aim: a hound (heavily wounded)
You freeze the hound.
* * * LOW HITPOINT WARNING * * *
The hound barely misses you. The hound bites you.
You die...

Skill      XL: |  1 |
---------------+----+-----
Throwing       | 2 |  2.2
Fighting       | |  3.0
Dodging        | |  2.1
Stealth        | |  4.1
Unarmed Combat | |  2.0

Action                   || total
-------------------------++-------
Melee: Unarmed           ||     8
Throw: Javelin           ||     6
       Stone             ||     1
 Cast: Freeze            ||     1
  Use: Scroll            ||     2
       Potion            ||     1
Armor: Leather armour    ||     3
Dodge: Dodged            ||    15

Levels and vault maps discovered:
D:5:      layout_layer_cave, overflow_temple_1_default, elyvilon_altar_3,
          uniq_crazy_yiuf_cottage
D:6:      layout_cave_pools, mainiacjoe_overflow_divided_tiny, serial_shops,
          nicolae_shop_competitors_out_of_business, grunt_ministairs_5,
          minmay_misc_feat_room, uniq_duvessa, uniq_grinder, uniq_maggie,
          uniq_eustachio

Notes
Turn   | Place    | Note
-------+----------+-------------------------------------------
     0 | D:5      | spaghetti the Djinni Delver began the quest for the Orb.
     0 | D:5      | Reached XP level 1. HP: 20/20 MP: 0/0
     0 | D:5      | magus.rc [v1.9.6]
    23 | D:5      | Noticed a hound
    69 | D:5      | HP: 5/20 [hound (4)]
    69 | D:5      | HP: 2/20 [hound (3)]
    70 | D:5      | Killed a hound
    71 | D:5      | Reached skill level 2 in Throwing
    71 | D:5      | Reached XP level 2. HP: 3/25 MP: 0/0
    71 | D:5      | Reached XP level 3. HP: 3/30 MP: 0/0
    71 | D:5      | Learned a level 1 spell: Freeze
   174 | D:5      | HP: 4/30 [hound (5)]
   189 | D:5      | HP: 2/30 [hound (3)]
   191 | D:5      | Slain by a hound

Vanquished Creatures
  A hound (D:5)
1 creature vanquished.

Table legend:
 A = Non-vault XP
 B = Vault XP
 C = Vault XP percentage of total XP
 D = Non-vault monster count
 E = Vault monster count
 F = Vault count percentage of total count
                 A         B        C        D         E       F
            +---------+---------+-------+---------+---------+-------
      Total |      42 |       0 |   0.0 |       1 |       0 |   0.0
            +---------+---------+-------+---------+---------+-------
        D:5 |      42 |       0 |   0.0 |       1 |       0 |   0.0
            +---------+---------+-------+---------+---------+-------

Illustrated notes

Table legend:
 A = Kills in this place as a percentage of kills in entire the game.
 B = Kills by you in this place as a percentage of kills by you in the entire game.
 C = Kills by friends in this place as a percentage of kills by friends in the entire game.
 D = Other kills in this place as a percentage of other kills in the entire game.
 E = Experience gained in this place as a percentage of experience gained in the entire game.
 F = Experience gained in this place divided by the number of levels of this place that you have seen.
                   A       B       C       D       E      F
               +-------+-------+-------+-------+-------+----------------------
         Total | 100.0 | 100.0 |   N/A |   N/A | 100.0 |  21.0
       Dungeon | 100.0 | 100.0 |   N/A |   N/A | 100.0 |  21.0
               +-------+-------+-------+-------+-------+----------------------

Table legend: (Time is in decaauts)
 A = Elapsed time spent in this place.
 B = Non-inter-level travel time spent in this place.
 C = Inter-level travel time spent in this place.
 D = Time resting spent in this place.
 E = Time spent auto-exploring this place.
 F = Levels seen in this place.
 G = Mean time per level.
                   A        B        C        D        E       F      G
               +--------+--------+--------+--------+--------+-----+--------+
         Total |    186 |    184 |      2 |    104 |      7 |   2 |   93.0 |
       Dungeon |    186 |    184 |      2 |    104 |      7 |   2 |   93.0 |
               +--------+--------+--------+--------+--------+-----+--------+

Top non-repeatable levels by time:
     D:5: 178 daAuts
     D:6: 8 daAuts
